AoeStats
← sadhwani.i.s.m

Migration

509386649Analyzed
1v1 RM · 4d ago on Sep 26, 2026· 56m 2s· 2 players
Game mode
Random Map
Map size
132×132
Population
200
Speed
Normal
Resources
Standard
Victory
Conquest
Starting age
Dark Age
Ending age
Imperial Age
RankedLock teamsTeams togetherTeam positionsShared explorationLock speedFull tech treeHidden civsTurbo modeCheats
Victory
Defeat
🇨🇱 Franks · Chile
720
+16
🇮🇳 Vietnamese · India
720
-16
evoctorevoctor
13:23 Feudal Age
15:28 Double-Bit Axe
18:11 Castle Age
17:20 Fishing Lines
24:14 Gold Mining
24:14 Stone Mining
27:49 Forging
27:46 Scale Barding Armor
41:56 Imperial Age
40:31 Husbandry
41:59 Cavalier
43:44 Iron Casting
43:31 Chain Barding Armor
45:01 Wheelbarrow
44:11 Town Watch
45:10 Paladin
46:31 Gold Shaft Mining
47:21 Blast Furnace
47:49 Medium Warships
47:00 Demolition Ship
49:11 Careening
49:12 Clinker Construction
51:58 Heavy Warships
53:22 Bow Saw
53:49 Carvel Hull
53:50 Dry Dock
sadhwani.i.s.m
2:32 Loom
6:19 Loom
6:27 Loom
6:46 Loom
7:10 Loom
9:06 Loom
12:30 Feudal Age
12:57 Fishing Lines
13:16 Double-Bit Axe
14:10 Wheelbarrow
14:20 Gold Mining
22:15 Fletching
22:26 Padded Archer Armor
23:27 Town Watch
26:33 Castle Age
27:31 Medium Warships
26:43 Demolition Ship
28:34 Bodkin Arrow
28:50 Forging
28:40 Gillnets
29:22 Scale Mail Armor
30:25 Murder Holes
30:11 Treadmill Crane
31:54 Pikeman
32:35 Squires
32:21 Arson
34:33 Iron Casting
37:35 Pikeman
47:14 Leather Archer Armor
47:16 Chain Mail Armor
53:24 Imperial Age
51:10 Hand Cart
Connection lost

Rejoining the realm…

Still unreachable

The connection could not be restored.

Session expired

The server has moved on; the page needs a fresh start.